 Dungeon Crawl Stone Soup version 0.29.1-2-gbd0b4ee654 (webtiles) character file.

Game seed: 5498515395091486892

19 croobank the Conjurer (level 2, -1/19 HPs)
             Began as a Demonspawn Conjurer on Nov 8, 2022.
             Slain by a goblin
             ... wielding a +0 dagger
              (2 damage)
             ... on level 1 of the Dungeon.
             The game lasted 00:03:34 (669 turns).

croobank the Conjurer (Demonspawn Conjurer)          Turns: 669, Time: 00:03:34

Health: -1/19      AC:  2    Str:  7    XL:     2   Next: 55%
Magic:  0/5        EV: 12    Int: 19    God:
Gold:   23         SH:  5    Dex: 11    Spells: 2/5 levels left

rFire   . . .      SeeInvis .   (no weapon)
rCold   . . .      Faith    .   (no shield)
rNeg    . . .      Spirit   .   a - +0 robe
rPois   .          Reflect  +   (helmet restricted)
rElec   .          Harm     .   (no cloak)
rCorr   .          Rampage  .   (no gloves)
Will    .....                   (no boots)
Stlth   ++........              h - amulet of reflection
HPRegen 0.06/turn               (no ring)
MPRegen 0.09/turn               (no ring)

@: weak-willed, hasted, very quick
A: antennae 1
a: no special abilities


You were on level 1 of the Dungeon.
You visited 1 branch of the dungeon, and saw 1 of its levels.

You collected 23 gold pieces.

Inventory:

Hand Weapons
 b - a +0 sling
Armour
 a - a +0 robe (worn)
 c - a +0 leather armour
 f - a +0 leather armour
Jewellery
 h - an amulet of reflection (around neck)
Potions
 e - a potion of degeneration {unknown}


   Skills:
 + Level 2.1 Dodging
 + Level 2.1 Stealth
 + Level 2.2 Spellcasting
 + Level 4.1 Conjurations


You had 2 spell levels left.
You knew the following spells:

 Your Spells              Type           Power      Damage    Failure   Level
a - Magic Dart            Conj           72%        1d6       3%          1
b - Searing Ray           Conj           36%        2d5       4%          2

Your spell library contained the following spells:

 Spells                   Type           Power      Damage    Failure   Level
 Dazzling Flash           Conj/Hex       20%        N/A       22%         3
 Fulminant Prism          Conj/Hex       5%         3d7       56%         4
 Iskenderun's Mystic Bla  Conj/Tloc      10%        2d4       56%         4


Dungeon Overview and Level Annotations

Branches:
Dungeon (1/15)

Altars:


Innate Abilities, Weirdness & Mutations

You have a pair of small antennae on your head.


Message History

Press: ? - help, Shift-Dir - straight line, f - bat
Aim: a bat (100% to hit)
The magic dart hits the bat but does no damage.
The bat misses you. The bat hits you.
* * * LOW HITPOINT WARNING * * *
The bat closely misses you.
Casting: Magic Dart (safe; 3% risk of failure)
Confirm with . or Enter, or press ? or * to list all spells.
Aiming: Magic Dart (safe; 3% risk of failure)
Press: ? - help, Shift-Dir - straight line, f/p - bat
Aim: a bat (100% to hit)
The magic dart hits the bat.
The bat is moderately wounded.
The bat hits you but does no damage.
Okay, then.
As you read the scroll labelled VATUTI MAWAFIMP, it crumbles to dust.
Magic quickly surges around you.
It was a scroll of vulnerability.
You block the bat's attack.
As you read the scroll labelled DEMPISTRY ASYE, it crumbles to dust.
You feel strangely unstable.
It was a scroll of teleportation.
Your surroundings suddenly seem different.
A goblin, a frilled lizard and a hobgoblin come into view.
The goblin shouts!
The hobgoblin shouts!
As you read the scroll labelled CUUGEGG KUPRIB, it crumbles to dust.
You feel aware of your surroundings.
You sensed 1 altar.
It was a scroll of magic mapping.
You block the goblin's attack.
Okay, then.
A bat comes into view.
Found a scroll labelled GEGOQA DAAGGEF.
You block the goblin's attack. The frilled lizard bites you.
* * * LOW HITPOINT WARNING * * *
The frilled lizard attacks as you move away!
The frilled lizard closely misses you. The goblin hits you with a +0 dagger.
* * * LOW HITPOINT WARNING * * *
The goblin attacks as you move away! The goblin closely misses you.
The frilled lizard barely misses you.
It was a potion of haste.
You feel yourself speed up. The goblin hits you with a +0 dagger.
You die...

**,**,,,,,,,**,,,,,
#.#*,,,,,,,,,>,,,,
#.#*,,,,,,,,,,*+*#
#.#**,,,,,,,,,,,,.
##.# *,,,,,,,,,*,*#
#..#**,,,,,,,,,,,**
##..##,,,,,,,,,*,,,.
#....#,,,,,,,,,,,,,.
##.g@.#,,,,,,,,,,,,,.
#..l..#,,,,,,**,,,,,.
#.....#,,,,,,,,,,,,,#
#.........,,,,,,,*+**
#..g.......,,,,,,*,**
#..........,*....#...
##........?,*........
#....#....,#........
##...#.....#........


You could see a hobgoblin, a goblin and a frilled lizard.

Vanquished Creatures
  2 dart slugs (D:1)
  A ball python (D:1)
  An endoplasm (D:1)
  A giant cockroach (D:1)
  A hobgoblin (D:1)
  2 quokkas (D:1)
  A bat (D:1)
  3 frilled lizards (D:1)
  A kobold (D:1)
  3 rats (D:1)
16 creatures vanquished.

Notes
Turn   | Place    | Note
-------+----------+-------------------------------------------
     0 | D:1      | croobank the Demonspawn Conjurer began the quest for the
                  | Orb.
     0 | D:1      | Reached XP level 1. HP: 13/13 MP: 3/3
   245 | D:1      | Discovered your monstrous ancestry.
   245 | D:1      | Gained mutation: You have a pair of small antennae on your
                  | head. [demonic ancestry]
   245 | D:1      | Reached XP level 2. HP: 19/19 MP: 0/5
   422 | D:1      | Learned a level 2 spell: Searing Ray
   669 | D:1      | Slain by a goblin

Illustrated notes

Levels and vault maps discovered:
D:1:      roderic_crossed_star, layout_basic, hellmonk_ecumenical_altar_zigzags,
          dk_noncrumbling_4, minmay_vboxes

Skill      XL: |  1 |
---------------+----+-----
Dodging        | 2 |  2.1
Stealth        | 2 |  2.1
Spellcasting   | |  2.2
Conjurations   | |  4.1

Action                   || total
-------------------------++-------
Melee: Unarmed           ||    42
 Cast: Magic Dart        ||    22
       Searing Ray       ||     4
  Use: Scroll            ||     3
       Potion            ||     2
Armor: Robe              ||     4
Dodge: Dodged            ||    42
Block: Other             ||    10
